 Dungeon Crawl Stone Soup version 0.31-a0-986-g5e6e4ef867 (webtiles) character file.

Game seed: 10124049531839692306

21 DocClef the Changeling (level 2, 0/21 HPs)
             Began as a Demonspawn Shapeshifter on Nov 6, 2023.
             Slain by an adder (2 damage)
             ... on level 1 of the Dungeon.
             The game lasted 00:00:49 (1001 turns).

DocClef the Changeling (Demonspawn Shapeshifter)    Turns: 1001, Time: 00:00:49

Health: 0/21       AC:  2    Str: 14    XL:     2   Next: 65%
Magic:  2/2        EV: 12    Int: 11    God:
Gold:   35         SH:  0    Dex: 12    Spells: 1/1 levels left

rFire   . .          .
                       - Unarmed
rCold   . . .        (no shield)
rNeg    . . .        a - +0 animal skin
rPois   .            (helmet currently unavailable)
rElec   .            (cloak currently unavailable)
rCorr   .            (gloves currently unavailable)
SInv    .            (boots currently unavailable)
Will    .....        (no amulet)
Stlth   +            (no ring)
HPRegen 0.23/turn    (no ring)
MPRegen 0.08/turn

%: no passive effects
@: lethally poisoned (0 -> -3), beast-form
A: beast (slay +2), demonic touch 1
a: Begin Untransformation


You were on level 1 of the Dungeon.
You were a hulking beast.
You visited 1 branch of the dungeon, and saw 2 of its levels.

You collected 35 gold pieces.

Inventory:

Armour
 a - a +0 animal skin (worn)
Talismans
 c - a beast talisman
 d - a flux talisman
Scrolls
 f - a scroll of revelation {unknown}
 g - a scroll of teleportation {unknown}
 h - a scroll of brand weapon {unknown}
 i - a scroll of fog {unknown}
Potions
 b - 2 potions of lignification
 e - a potion of might {unknown}


   Skills:
 - Level 1.0 Fighting
 - Level 1.7 Dodging
 - Level 2.6 Unarmed Combat
 + Level 3.5 Shapeshifting


You had one spell level left.
You didn't know any spells.
Your spell library was empty.

Dungeon Overview and Level Annotations

Branches:
Dungeon (2/15)

Altars:


Innate Abilities, Weirdness & Mutations

You are a hulking beast.
Your limbs bulge with bestial killing power. (Slay +2)
Your touch may inflict minor irresistible damage on your foes.


Message History

There is a stone staircase leading up here.
There are monsters nearby!
The adder misses you. The ball python barely misses you.
The ball python grabs you.
You stop ascending the stairs.
The ball python constricts you. The adder bites you.
You are poisoned.
The adder poisons you!
Unknown command.
You hit the ball python. Your touch misses the ball python.
The ball python is severely wounded.
You feel sick.
The ball python bites you but does no damage.
The ball python constricts you. The adder bites you.
Unknown command.
You punch the ball python!
You kill the ball python!
You feel sick.
The frilled lizard bites you but does no damage.
The adder barely misses you.
You feel sick. The frilled lizard barely misses you.
The adder barely misses you. The frilled lizard barely misses you.
You climb upwards.
You feel sick.
There is a stone staircase leading down here.
You feel sick. The adder closely misses you.
The frilled lizard attacks as it pursues you!
The frilled lizard barely misses you. The adder bites you but does no damage.
You feel sick.
You are no longer poisoned.
The adder bites you.
* * * LOW HITPOINT WARNING * * *
You are poisoned.
The adder poisons you!
* * * LOW HITPOINT WARNING * * *
You feel sick.
The frilled lizard attacks as it pursues you!
The frilled lizard bites you.
* * * LOW HITPOINT WARNING * * *
* * * LOW HITPOINT WARNING * * *
You feel sick. The adder attacks as it pursues you! The adder bites you.
You die...

#.......# #.#####.# ###########
#.# #.#### #.........#
##.#####.##.## #.#######.#
#......#.#...###.# #.#
#.............##.# #.#
#.####.###...###†#### #.# #.#
#.####....(....# #.# #.#
#....hSll>..##.####.## #.#
######..######........ #.#
##..........###.## #######.###
##...#######.# #.# #.........#
##.....## #.###.# #.###.#.#.#
##.......## #.(##.##
#.###.....###.........####.......
............'.........'........##
#.........###.........####†..#.##


You could see an adder and 2 frilled lizards.

Vanquished Creatures
  A dart slug (D:1)
  An endoplasm (D:1)
  2 giant cockroaches (D:1)
  2 hobgoblins (D:1)
  5 ball pythons
  A bat (D:1)
  A frilled lizard (D:1)
  4 goblins (D:1)
  A rat (D:1)
18 creatures vanquished.

Notes
Turn   | Place    | Note
-------+----------+-------------------------------------------
     0 | D:1      | DocClef the Demonspawn Shapeshifter began the quest for the
                  | Orb.
     0 | D:1      | Reached XP level 1. HP: 15/15 MP: 1/1
   181 | D:1      | Reached skill level 3 in Shapeshifting
   487 | D:1      | Gained mutation: Your touch may inflict minor irresistible
                  | damage on your foes. [demonic ancestry]
   487 | D:1      | Reached XP level 2. HP: 10/21 MP: 2/2
  1001 | D:1      | Slain by an adder

Illustrated notes

Levels and vault maps discovered:
D:1:      amcnicky_arrival_feature_with_door, layout_loops_corners
D:2:      layout_rooms

Skill      XL: |  1 |
---------------+----+-----
Shapeshifting  | 3 |  3.5
Fighting       | |  1.0
Dodging        | |  1.7
Unarmed Combat | |  2.6

Action                     || total
---------------------------++-------
  Melee: Unarmed           ||    45
         Punch             ||     2
         Touch             ||     2
   Stab: Sleeping          ||     2
 Armour: Animal skin       ||    20
  Dodge: Dodged            ||    34

Table legend: (Time is in decaauts)
 A = Elapsed time spent in this place.
 B = Non-inter-level travel time spent in this place.
 C = Inter-level travel time spent in this place.
 D = Time resting spent in this place.
 E = Time spent auto-exploring this place.
 F = Levels seen in this place.
 G = Mean time per level.
                   A        B        C        D        E       F      G
               +--------+--------+--------+--------+--------+-----+--------+
         Total |    998 |    995 |      3 |     45 |    835 |   2 |  499.0 |
       Dungeon |    998 |    995 |      3 |     45 |    835 |   2 |  499.0 |
               +--------+--------+--------+--------+--------+-----+--------+

Top non-repeatable levels by time:
     D:1: 990 daAuts
     D:2: 7 daAuts
